AoeStats
← jordicastillo

Pilgrims

508250934Analyzed
3v3 RM · 11d ago on Sep 21, 2026· 49m 27s· 6 players
Game mode
Random Map
Map size
Normal (6 player)
Population
200
Speed
Normal
Resources
Standard
Victory
Conquest
Starting age
Dark Age
Ending age
Imperial Age
RankedLock teamsTeams togetherTeam positionsShared explorationLock speedFull tech treeHidden civsTurbo modeCheats
Victory
Defeat
🇬🇧 Mongols · United Kingdom
819
+15
🇺🇸 Wei · United States
774
+17
🇨🇳 Huns · China
772
+17
🇩🇪 Franks · Germany
911
-22
🇩🇪 Khmer · Germany
740
-14
🇩🇪 Britons · Germany
721
-13
eric.w.hof
13:37 Feudal Age
20:34 Double-Bit Axe
23:25 Horse Collar
27:23 Castle Age
26:58 Forging
26:49 Scale Mail Armor
27:32 Pikeman
27:58 Gambesons
31:19 Gold Mining
32:01 Bow Saw
32:56 Padded Archer Armor
34:53 Squires
37:26 Wheelbarrow
42:18 Fletching
45:26 Ballistics
sachsenmalte
11:21 Loom
14:25 Feudal Age
15:13 Fishing Lines
16:08 Town Watch
19:09 Castle Age
17:58 Double-Bit Axe
20:14 Forging
20:11 Scale Barding Armor
21:37 Bow Saw
24:37 Padded Archer Armor
27:37 Pikeman
30:05 Chain Barding Armor
35:52 Scale Mail Armor
36:07 Elite Skirmisher
37:30 Squires
41:40 Murder Holes
44:33 Masonry
44:50 Arson
47:05 Wheelbarrow
48:10 Chain Mail Armor
48:31 Iron Casting
jordicastillo
7:51 Loom
13:34 Feudal Age
21:39 Castle Age
21:26 Double-Bit Axe
21:28 Horse Collar
21:43 Gold Mining
29:22 Elite Skirmisher
37:01 Padded Archer Armor
36:53 Fletching
40:04 Bloodlines
43:12 Pikeman
43:24 Pikeman
Cypress Fever
6:34 Loom
14:13 Feudal Age
14:56 Double-Bit Axe
14:53 Horse Collar
16:19 Wheelbarrow
17:34 Stone Mining
17:44 Gold Mining
20:13 Fishing Lines
28:00 Castle Age
28:34 Forging
28:30 Scale Barding Armor
28:12 Arson
28:44 Bloodlines
29:02 Bow Saw
28:55 Heavy Plow
29:39 Stone Shaft Mining
29:42 Gold Shaft Mining
31:31 Hand Cart
37:20 Imperial Age
38:07 Light Cavalry
39:47 Elite Tiger Cavalry
40:54 Ming Guang Armor
42:08 Iron Casting
42:57 Husbandry
43:20 Hussar
45:14 Conscription
Donelson
7:24 Loom
9:53 Feudal Age
13:32 Fletching
16:45 Castle Age
16:43 Double-Bit Axe
17:25 Padded Archer Armor
20:45 Bodkin Arrow
26:36 Town Watch
29:46 Leather Archer Armor
29:37 Scale Barding Armor
31545054
3:42 Loom
15:07 Feudal Age
15:15 Feudal Age
20:45 Castle Age
20:10 Bloodlines
20:12 Forging
20:08 Scale Barding Armor
22:16 Husbandry
24:09 Iron Casting
24:18 Chain Barding Armor
28:43 Horse Collar
34:07 Scale Mail Armor
37:11 Imperial Age
36:19 Pikeman
37:00 Squires
38:55 Blast Furnace
38:31 Plate Barding Armor
37:58 Padded Archer Armor
37:49 Fletching
38:15 Chain Mail Armor
37:42 Cavalier
38:51 Elite Skirmisher
42:04 Conscription
43:58 Paladin
Connection lost

Rejoining the realm…

Still unreachable

The connection could not be restored.

Session expired

The server has moved on; the page needs a fresh start.